 Dungeon Crawl Stone Soup version 0.27-a0-1579-g97d2440184 (webtiles) character file.

Game seed: 12089424498311085881

37 freelancePsychic the Skirmisher (level 3, -4/29 HPs)
             Began as a Demonspawn Chaos Knight on July 17, 2021.
             Was a Plaything of Xom.
             Succumbed to a death drake's dark miasma
             ... on level 2 of the Dungeon.
             The game lasted 00:03:15 (1301 turns).

freelancePsychic the Skirmisher (DsCK)              Turns: 1301, Time: 00:03:17

Health: -4/29      AC: 11    Str: 12    XL:     3   Next: 21%
Magic:  3/3        EV: 11    Int: 17    God:    Xom [.....*]
Gold:   69         SH:  0    Dex: 12    Spells: 2/2 levels left

rFire    . . .     SeeInvis .   a - +0 short sword (chaos)
rCold    . . .     Faith    .   (no shield)
rNeg     . . .     Spirit   .   b - +2 leather armour
rPois    .         Reflect  .   e - +0 hat {Int+3}
rElec    .         Harm     .   (no cloak)
rCorr    .         Rampage  .   (no gloves)
Will     .....                  d - +2 pair of boots
Stlth    +.........             (no amulet)
HPRegen  0.09/turn              (no ring)
MPRegen  0.08/turn              (no ring)

@: lethally poisoned (-4 -> -51)
A: slimy green scales 2
a: Renounce Religion


You were on level 2 of the Dungeon.
You worshipped Xom.
You were Xom's teddy bear.
You visited 1 branch of the dungeon, and saw 2 of its levels.

You collected 69 gold pieces.

Inventory:

Hand Weapons
 a - a +0 short sword of chaos (weapon)
 c - a +1 whip of venom
Armour
 b - a +2 leather armour (worn)
 d - a +2 pair of boots (worn)
 e - a +0 hat of intelligence (worn)
Scrolls
 f - a scroll of amnesia
 h - a scroll of identify {@r1}
Potions
 g - a potion of magic {unknown}


   Skills:
 + Level 3.4 Fighting
 + Level 3.1 Short Blades
 - Level 1.7 Armour
 - Level 0.9 Dodging
 + Level 1.4 Stealth


You had 2 spell levels left.
You didn't know any spells.
Your spell library contained the following spells:

 Spells                   Type           Power      Damage    Failure   Level
 Summon Lightning Spire   Summ/Air       0%         N/A       96%         4
 Storm Form               Tmut/Air       0%         N/A       100%        7
 Maxwell's Capacitive Co  Air            0%         ∞         100%        8


Dungeon Overview and Level Annotations

Branches:
Dungeon (2/15)

Altars:


Innate Abilities, Weirdness & Mutations

You are mostly covered in slimy green scales. (AC +3)


Message History

You hit the worm but do no damage. The worm bites you but does no damage.
You hit the worm. You freeze the worm.
The worm is heavily wounded.
You hit the worm. You freeze the worm.
The worm is heavily wounded.
The worm closely misses you.
You hit the worm. You drain the worm.
The worm is severely wounded.
The worm barely misses you.
You barely miss the worm.
The worm is severely wounded.
You hit the worm but do no damage.
The worm is severely wounded.
The worm barely misses you.
You hit the worm.
The worm flickers and vanishes!
Deactivating autopickup; reactivate with Ctrl-A.
No target in view!
No target in view!
You hit something but do no damage.
A glowing shapeshifter appears out of thin air!
Reactivating autopickup.
The glowing shapeshifter is lightly wounded.
The glowing shapeshifter changes into a two-headed ogre!
You hit the two-headed ogre. You freeze the two-headed ogre.
The two-headed ogre is lightly wounded.
The two-headed ogre hits you! The two-headed ogre hits you.
Xom rains down devastation!
The fireball engulfs the two-headed ogre!!
You hear a shout!
There is an escape hatch in the floor here.
The two-headed ogre changes into a death drake!
The death drake breathes miasma at you. The foul vapour engulfs you!
You are lethally poisoned!
* * * LOW HITPOINT WARNING * * *
You are engulfed in dark miasma.
You are more poisoned.
* * * LOW HITPOINT WARNING * * *
You die...
Xom laughs nastily!

#........'........#
#.....[.##........#
#.......##........#
#.......###########
........##........#
...##...##........#
... #..○○○○.......#
#.
##..○○○○..########.
#....@○○°k.....!...
#...######.........
#... #>........ .....
#k..K.....
............####.....
............ ...# .
....... ..# .......
.# ....... +


You could see a death drake shaped shifter (catching breath).

Vanquished Creatures
  A dart slug (D:1)
  3 ball pythons
  4 endoplasms
  2 giant cockroaches (D:2)
  2 goblins (D:1)
  3 hobgoblins
  A jackal (D:2)
  2 quokkas (D:1)
  4 bats
  4 frilled lizards
  4 kobolds (D:1)
  2 rats (D:2)
32 creatures vanquished.

Notes
Turn   | Place    | Note
-------+----------+-------------------------------------------
     0 | D:1      | freelancePsychic the Demonspawn Chaos Knight began the
                  | quest for the Orb.
     0 | D:1      | Reached XP level 1. HP: 18/18 MP: 1/1
    51 | D:1      | Found a faded altar of an unknown god.
   190 | D:1      | XOM: silly message
   273 | D:1      | Gained mutation: You are partially covered in slimy green
                  | scales. (AC +2) [demonic ancestry]
   273 | D:1      | Reached XP level 2. HP: 24/24 MP: 2/2
   360 | D:1      | Reached skill level 1 in Stealth
   499 | D:1      | XOM: silly message
   545 | D:1      | XOM: silly message
   631 | D:1      | XOM: silly message
  1044 | D:2      | Gained mutation: You are mostly covered in slimy green
                  | scales. (AC +3) [demonic ancestry]
  1044 | D:2      | Reached XP level 3. HP: 27/29 MP: 3/3
  1093 | D:2      | XOM: god gift: +0 hat of intelligence
  1293 | D:2      | Noticed a glowing shapeshifter
  1293 | D:2      | Noticed a two-headed ogre
  1293 | D:2      | a glowing shapeshifter changed into a two-headed ogre
  1295 | D:2      | XOM: destruction
  1297 | D:2      | Noticed a death drake
  1297 | D:2      | a two-headed ogre changed into a death drake
  1301 | D:2      | Succumbed to a death drake's dark miasma

Illustrated notes

Levels and vault maps discovered:
D:1:      erik_arrival_triangle_huge, layout_loops_ring,
          hellmonk_ecumenical_altar_run_dry
D:2:      minmay_evil_eye, layout_basic, minmay_box_of_dots

Skill      XL: |  1  2 |
---------------+-------+-----
Short Blades   | 3 |  3.1
Stealth        | 1 |  1.4
Fighting       | |  3.4
Armour         | |  1.7
Dodging        | |  0.9

Action                   || total
-------------------------++-------
Melee: Short sword       ||    83
  Use: Scroll            ||     1
 Stab: Sleeping          ||     2
Armor: Leather armour    ||    22
Dodge: Dodged            ||    43

Table legend: (Time is in decaauts)
 A = Elapsed time spent in this place.
 B = Non-inter-level travel time spent in this place.
 C = Inter-level travel time spent in this place.
 D = Time resting spent in this place.
 E = Time spent auto-exploring this place.
 F = Levels seen in this place.
 G = Mean time per level.
                   A        B        C        D        E       F      G
               +--------+--------+--------+--------+--------+-----+--------+
         Total |   1296 |   1222 |     74 |      0 |   1007 |   2 |  648.0 |
       Dungeon |   1296 |   1222 |     74 |      0 |   1007 |   2 |  648.0 |
               +--------+--------+--------+--------+--------+-----+--------+

Top non-repeatable levels by time:
     D:1: 908 daAuts
     D:2: 387 daAuts
